 Dungeon Crawl Stone Soup version bcrawl-1.40.1 (webtiles) character file.

Game seed: 17118007412058580195

131424 Mehrunes the Firebug (level 3, 26/26 HPs)
             Began as a High Elf Fire Elementalist on Oct 31, 2023.
             Quit the game on level 2 of the Dungeon.
             The game lasted 00:03:48 (1136 turns).

Mehrunes the Firebug (High Elf Fire Elementalist)   Turns: 1136, Time: 00:03:49

Health: 26/26      AC:  2    Str:  7    XL:     3   Next: 51%
Magic:  8/8        EV: 13    Int: 18    God:
Gold:   73         SH:  0    Dex: 14    Spells: 7/8 levels left

rFire    . . .     GDR:     26% l - +0 dagger
rCold    . . .     SeeInvis .   (no shield)
rNeg     . . .     Gourm    .   a - +0 robe
rPois    .         Faith    .   (no helmet)
rElec    .         Spirit   .   (no cloak)
rCorr    .         Reflect  .   (no gloves)
MR       .....                  (no boots)
Stlth    ++........             (no amulet)
HPRegen  0.14/turn              (no ring)
MPRegen  0.11/turn              (no ring)

@: no status effects
A: obsessive focus, MP-powered wands
a: no special abilities


You were on level 2 of the Dungeon.
You were hungry.

You visited 1 branch of the dungeon, and saw 2 of its levels.

You collected 73 gold pieces.

Inventory:

Hand Weapons
 l - a +0 dagger (weapon)
Missiles
 d - 477 stones
 h - 71 poisoned tomahawks (quivered)
Armour
 a - a +0 robe (worn)
 g - a +0 pair of boots
Wands
 c - a wand of flame (4)
Scrolls
 b - a scroll of revelation {unknown}
 i - 2 scrolls of identify
 m - 2 scrolls of remove curse {unknown}
Potions
 f - a potion of invisibility {unknown}
 j - a potion of haste {unknown}
 k - a potion of flight {unknown}
 n - 2 potions of lignification {unknown}
Comestibles
 e - 4 rations {!d}


   Skills:
 + Level 1.2 Fighting
   Level 0.3 Short Blades
   Level 0.0 Armour
 + Level 2.6 Dodging
 - Level 2.4 Stealth
 + Level 3.0 Spellcasting
 + Level 1.9 Conjurations
 + Level 3.6 Fire Magic


You had 7 spell levels left.
You knew the following spells:

 Your Spells              Type           Power        Failure   Level  Hunger
a - Flame Tongue          Conj/Fire      ##...        5%          1    None

Your spell library contained the following spells:

 Spells                   Type           Power        Failure   Level  Hunger
 Flaming Arrows           Chrm/Fire      #.......     12%         2    #......
 Conjure Flame            Conj/Fire      ##......     16%         3    ####...
 Corpse Rot               Necr           N/A          24%         2    #......
 Inner Flame              Hex/Fire       N/A          24%         3    ####...
 Stone Arrow              Conj/Erth      #.....       32%         3    ####...
 Sticky Flame             Conj/Fire      ##......     45%         4    #####..
 Fireball                 Conj/Fire      ##........   82%         5    ######.
 Tree Form                Hex/Tmut       N/A          85%         4    #####..
 Summon Forest            Summ/Tloc      #.........   99%         5    ######.
 Poison Arrow             Conj/Pois      #.........   100%        6    #######
 Summon Hydra             Summ           #.........   100%        6    #######


Dungeon Overview and Level Annotations

Branches:
Dungeon (2/12)

Altars:


Innate Abilities, Weirdness & Mutations

You can't train low skills.
You expend magic power (3 MP) to strengthen your wands.


Message History

The goblin is severely wounded.
You closely miss the goblin.
The goblin is severely wounded.
The goblin closely misses you.
You hit the goblin.
You kill the goblin!
You hit the jackal but do no damage.
The jackal is heavily wounded.
The jackal bites you. x2
You hit the jackal.
You kill the jackal!
Items here: ) ††† a +0 club; a jackal corpse; a goblin corpse; a jackal corpse
There is a stone staircase leading up here.
You start resting.
HP restored.
Magic restored.
Welcome back, Mehrunes the High Elf Fire Elementalist.
Press m to set your skill training.
Press ? for a list of commands and other information.
Are you sure you want to abandon this character and quit the game? (Confirm with "yes".)

######.. ... <.....+
...).. ####### .....#
.....# #.##.# ####.#
#.##.# #.# #.##†####.#.
#.# #.##...$.... #.#
#.####.##..###.# #.#
#....)@........#
#.##############.#.####.
#...........†........[..
################.#......
#.####### #.# !.. #.#
..#


There were no monsters in sight!

Vanquished Creatures
  An ooze (D:1)
  A worm (D:2)
  2 dart slugs
  2 leopard geckos
  An orc (D:2)
  2 bats (D:1)
  2 giant cockroaches (D:2)
  3 goblins
  3 hobgoblins
  4 jackals (D:2)
  2 kobolds (D:1)
  A quokka (D:2)
  A ball python (D:1)
  2 frilled lizards
  6 rats (D:1)
33 creatures vanquished.

Notes
Turn   | Place    | Note
-------+----------+-------------------------------------------
     0 | D:1      | Mehrunes the High Elf Fire Elementalist began the quest for
                  | the Orb.
     0 | D:1      | Reached XP level 1. HP: 13/13 MP: 4/4
   180 | D:1      | Reached XP level 2. HP: 12/20 MP: 0/6
   436 | D:1      | Reached skill level 1 in Fighting
   777 | D:2      | Reached XP level 3. HP: 26/26 MP: 6/8
  1136 | D:2      | Quit the game

Skill      XL: |  1  2  3 |
---------------+----------+-----
Fighting       | 1 |  1.2
Spellcasting   | 3 |  3.0
Short Blades   | |  0.3
Dodging        | |  2.6
Stealth        | |  2.4
Conjurations   | |  1.9
Fire Magic     | |  3.6

Action                   || total
-------------------------++-------
Melee: Unarmed           ||     3
       Dagger            ||    14
Throw: Tomahawk          ||     3
       Stone             ||     1
 Cast: Flame Tongue      ||    47
 Stab: Sleeping          ||     1
  Eat: Chunk             ||     1
Armor: Robe              ||    11
Dodge: Dodged            ||    28
